 Dungeon Crawl Stone Soup version 0.28.0-45-g0d030f2227 (webtiles) character file.

Game seed: 6966211220054293224

568 issech the Cudgeller (level 7, 0/67 HPs)
             Began as a Troll Monk on Apr 15, 2022.
             Slain by Blork the orc
             ... wielding a +4 flail of protection
              (5 damage)
             ... on level 4 of the Dungeon.
             The game lasted 00:12:52 (3170 turns).

issech the Cudgeller (Troll Monk)                   Turns: 3170, Time: 00:12:54

Health: 0/67       AC:  5    Str: 20    XL:     7   Next: 11%
Magic:  6/6        EV: 11    Int:  6    God:
Gold:   129        SH:  0    Dex: 14    Spells: 6/6 levels left

rFire   . . .      SeeInvis .   y - +0 morningstar
rCold   . . .      Faith    .   (no shield)
rNeg    . . .      Spirit   .   b - +0 robe
rPois   .          Reflect  .   (helmet restricted)
rElec   .          Harm     .   k - +0 cloak
rCorr   .          Rampage  .   (gloves unavailable)
Will    .....                   (boots unavailable)
Stlth   ++........              g - amulet of the acrobat
HPRegen 1.01/turn               p - ring of flight
MPRegen 0.10/turn               (no ring)

@: flying
A: large, unfitting armour, claws 3, regeneration 1, shaggy fur 1, tough skin 1
a: no special abilities


You were on level 4 of the Dungeon.
You visited 1 branch of the dungeon, and saw 4 of its levels.

You collected 129 gold pieces.

Inventory:

Hand Weapons
 u - a +3 quarterstaff of chaos
 y - a +0 morningstar (weapon)
 z - a +1 dagger of protection
Missiles
 c - 68 stones
 d - 44 sling bullets
 f - 89 arrows
 i - 3 poisoned darts
 s - 23 bolts
 B - 6 boomerangs (quivered)
Armour
 b - a +0 robe (worn)
 k - a +0 cloak (worn)
Magical Staves
 x - a staff of death
Jewellery
 g - an amulet of the acrobat (around neck)
 p - a ring of flight (left claw)
Scrolls
 e - 3 scrolls of identify {unknown}
 m - a scroll of torment {unknown}
 n - a scroll of vulnerability {unknown}
 o - 4 scrolls of fog {unknown}
 w - a scroll of magic mapping {unknown}
 A - a scroll of blinking {unknown}
 C - a scroll of teleportation {unknown}
 D - a scroll of immolation {unknown}
Potions
 a - a potion of resistance {unknown}
 h - a potion of ambrosia {unknown}
 j - 2 potions of flight {unknown}
 l - a potion of brilliance {unknown}
 q - a potion of mutation {unknown}
 r - a potion of heal wounds


   Skills:
 + Level 3.5 Fighting
 + Level 5.2 Maces & Flails
 + Level 0.4 Polearms
 + Level 2.2 Throwing
 + Level 3.5 Dodging
 + Level 1.4 Stealth


You had 6 spell levels left.
You didn't know any spells.
Your spell library contained the following spells:

 Spells                   Type           Power      Damage    Failure   Level
 Animate Skeleton         Necr           0%         N/A       45%         1
 Apportation              Tloc           0%         N/A       45%         1
 Magic Dart               Conj           0%         1d3       45%         1
 Summon Small Mammal      Summ           0%         N/A       45%         1
 Call Imp                 Summ           0%         N/A       58%         2
 Mephitic Cloud           Conj/Pois/Air  0%         N/A       83%         3
 Alistair's Intoxication  Tmut/Pois      0%         N/A       100%        5


Dungeon Overview and Level Annotations

Branches:
Dungeon (4/15)
 Temple: D:4-7

Altars:
Ashenzari
Wu Jian

Annotations:
D:2 Natasha
D:4 Blork the orc


Innate Abilities, Weirdness & Mutations

You are too large for most types of armour.
You have claws for hands.
Your natural rate of healing is unusually fast.
You are covered in fur. (AC +1)
You have tough skin. (AC +1)


Message History

Blork the orc hits you with a +4 flail of protection.
You closely miss Blork the orc.
Blork the orc is moderately wounded.
Blork the orc barely misses you. Blork the orc closely misses you.
You hit Blork the orc but do no damage.
Blork the orc is moderately wounded.
Blork the orc barely misses you. x2
You sock Blork the orc!
Blork the orc is severely wounded.
Blork the orc hits you with a +4 flail of protection!
Blork the orc closely misses you.
You closely miss Blork the orc.
Blork the orc is severely wounded.
Blork the orc hits you with a +4 flail of protection.
You closely miss Blork the orc.
Blork the orc is heavily wounded.
Blork the orc misses you. Blork the orc completely misses you.
You hit Blork the orc but do no damage.
Blork the orc is heavily wounded.
Blork the orc hits you but does no damage.
Blork the orc hits you with a +4 flail of protection!
* * * LOW HITPOINT WARNING * * *
You barely miss Blork the orc.
Blork the orc is heavily wounded.
Blork the orc completely misses you.
Blork the orc hits you with a +4 flail of protection!
* * * LOW HITPOINT WARNING * * *
Blork the orc points at you and mumbles some strange words.
The magic dart hits you.
* * * LOW HITPOINT WARNING * * *
You hit Blork the orc.
Blork the orc is severely wounded.
Blork the orc misses you.
You hit Blork the orc but do no damage.
Blork the orc is severely wounded.
Blork the orc hits you with a +4 flail of protection!
* * * LOW HITPOINT WARNING * * *
Blork the orc yells loudly, as Orcs often do.
Blork the orc hits you with a +4 flail of protection.
You die...

#.......#.....##. ##.........
#..##.....#.#.#.. #....(.....
### #.#.....#.#.. #._......
.........).#..# .......
........##..##..##o...#
...............##..#.o..# ..
#######.####...##..##...##...
#.# ##...#..##....>... .
#..@##..#...##... #
###.oS....### . #########


You could see Blork the orc (fast) and an adder.

Vanquished Creatures
  Sigmund (D:2)
  A necrophage (D:4)
  A water moccasin skeleton (D:4)
  Crazy Yiuf (D:2)
  Natasha (D:2)
  2 orc wizards
  A howler monkey skeleton (D:4)
  6 adders
  An ufetubus (D:3)
  2 worms (D:2)
  A dart slug (D:1)
  6 orcs (D:3)
  5 bats
  4 endoplasms
  5 giant cockroaches
  12 goblins
  15 hobgoblins
  3 quokkas
  2 frilled lizards
  5 kobolds
  6 rats
81 creatures vanquished.

Vanquished Creatures (others)
  3 fungi (D:2)
3 creatures vanquished.

Grand Total: 84 creatures vanquished

Notes
Turn   | Place    | Note
-------+----------+-------------------------------------------
     0 | D:1      | issech the Troll Monk began the quest for the Orb.
     0 | D:1      | Reached XP level 1. HP: 22/22 MP: 0/0
    60 | D:1      | Reached XP level 2. HP: 15/29 MP: 1/1
   454 | D:1      | Reached skill level 3 in Maces & Flails
   738 | D:2      | Reached XP level 3. HP: 31/36 MP: 2/2
  1272 | D:2      | Reached skill level 1 in Throwing
  1272 | D:2      | Reached XP level 4. HP: 33/44 MP: 3/3
  1304 | D:2      | Noticed Sigmund
  1388 | D:2      | Killed Sigmund
  1389 | D:2      | Reached skill level 4 in Maces & Flails
  1389 | D:2      | Reached XP level 5. HP: 42/53 MP: 4/4
  1598 | D:2      | Noticed Natasha
  1604 | D:2      | Killed Natasha
  1605 | D:2      | Reached XP level 6. HP: 61/61 MP: 5/5
  1671 | D:2      | Noticed Natasha
  1854 | D:2      | Found a runed translucent door.
  1855 | D:2      | Noticed Crazy Yiuf
  1865 | D:2      | HP: 3/61 [poisoned by Crazy Yiuf]
  1870 | D:2      | HP: 3/61 [poisoned by Crazy Yiuf]
  1920 | D:2      | Killed Crazy Yiuf
  2413 | D:3      | Found a faded altar of an unknown god.
  3022 | D:4      | Reached skill level 5 in Maces & Flails
  3050 | D:4      | Found an ornate altar of the Wu Jian Council.
  3082 | D:3      | Reached XP level 7. HP: 65/67 MP: 6/6
  3143 | D:4      | Found a broken altar of Ashenzari.
  3144 | D:4      | Noticed Blork the orc
  3170 | D:4      | Slain by Blork the orc

Illustrated notes

Levels and vault maps discovered:
D:1:      co_arrival_hall_of_pillars, layout_basic
D:2:      layout_loops_ring, uniq_natasha, uniq_sigmund, uniq_crazy_yiuf_cottage
D:3:      minmay_general_purpose_star, layout_loops_ring,
          chequers_ecumenical_altar_simple_redux
D:4:      layout_rooms, mainiacjoe_overflow_catch_the_wave, uniq_blork_the_orc

Skill      XL: |  1  2  3  4  5  6 |
---------------+-------------------+-----
Maces & Flails | 3 4 5 |  5.2
Throwing       | 1 2 |  2.2
Dodging        | 3 |  3.5
Fighting       | 3 |  3.5
Polearms       | |  0.4
Stealth        | |  1.4

Action                   |  1- 3 |  4- 6 |  7- 9 || total
-------------------------+-------+-------+-------++-------
Melee: Mace              |   117 |    28 |       ||   145
       Punch             |       |     3 |       ||     3
       Scythe            |       |    24 |       ||    24
       Morningstar       |       |    67 |    22 ||    89
       Quarterstaff      |       |    15 |       ||    15
Throw: Stone             |    88 |     9 |       ||    97
       Boomerang         |       |     5 |       ||     5
 Stab: Sleeping          |       |     3 |       ||     3
Armor: Robe              |    46 |    47 |     5 ||    98
Dodge: Dodged            |    88 |    96 |    22 ||   206
